 Dungeon Crawl Stone Soup version 0.29.1-15-g9cfb28693d (webtiles) character file.

Game seed: 6704514543718105810

291 hawla the Chiller (level 6, 0/47 HPs)
             Began as a Meteoran Ice Elementalist on Apr 3, 2023.
             Slain by an orc priest
             ... wielding a +0 short sword
              (4 damage)
             ... on level 4 of the Dungeon.
             The game lasted 00:04:33 (609 turns).

hawla the Chiller (Meteoran Ice Elementalist)        Turns: 609, Time: 00:04:33

Health: 0/47       AC:  2    Str:  9    XL:     6   Next: 90%
Magic:  13/13      EV: 13    Int: 18    God:
Gold:   63         SH:  0    Dex: 16    Spells: 6/14 levels left

rFire   . . .      SeeInvis .   g - +2 dagger (venom)
rCold   + . .      Faith    .   (no shield)
rNeg    . . .      Spirit   .   a - +0 robe
rPois   .          Reflect  .   (no helmet)
rElec   .          Harm     .   (no cloak)
rCorr   .          Rampage  .   (no gloves)
Will    .....                   (no boots)
Stlth   +.........              (no amulet)
HPRegen 0.15/turn               c - ring of protection from cold
MPRegen 0.13/turn               (no ring)

@: glowing
A: sense surroundings 1, otherworldly, glowing, explore regen
a: no special abilities


You were on level 4 of the Dungeon.
You visited 1 branch of the dungeon, and saw 4 of its levels.

You collected 63 gold pieces.

Inventory:

Hand Weapons
 g - a +2 dagger of venom (weapon)
Armour
 a - a +0 robe (worn)
Jewellery
 c - a ring of protection from cold (left hand)
Scrolls
 i - a scroll of identify {unknown}
Potions
 b - a potion of attraction {unknown}
 d - a potion of curing
 e - a potion of mutation {unknown}
 f - a potion of heal wounds {unknown}


   Skills:
 - Level 1.2 Fighting
 - Level 3.2 Dodging
 - Level 1.4 Stealth
 - Level 4.5 Spellcasting
 + Level 3.1 Conjurations
 - Level 6.1 Ice Magic


You had 6 spell levels left.
You knew the following spells:

 Your Spells              Type           Power      Damage    Failure   Level
a - Freeze                Ice            100%       1d11      1%          1
b - Frozen Ramparts       Ice            52%        1d8       3%          3
c - Hailstorm             Conj/Ice       20%        3d6       22%         4

Your spell library contained the following spells:

 Spells                   Type           Power      Damage    Failure   Level
 Ozocubu's Armour         Ice            26%        N/A       3%          3


Dungeon Overview and Level Annotations

Branches:
Dungeon (4/15) Zot: 1791
 Temple: D:4-7

Altars:
Elyvilon


Innate Abilities, Weirdness & Mutations

You passively map a small area around you.
You are easily found by Zot.
You glow in the dark.
You regain HP and MP as you explore.


Message History

Press: ? - help, Shift-Dir - straight line, f/p - scorpion
Aim: a scorpion (severely wounded, very poisoned)
You freeze the scorpion!
You kill the scorpion!
Your Conjurations skill gained 2 levels and is now at level 3!
Unknown command.
An orc priest comes into view. It is wielding a +0 short sword.
An orc comes into view. It is wielding a +0 short sword.
An orc comes into view. It is wielding a +0 club.
The orc shouts!
The orc priest barely misses you.
You closely miss the orc priest.
The orc priest calls down the wrath of Beogh upon you.
Beogh smites you!
An orc wizard comes into view. It is wielding a +0 dagger of venom.
You hear a shout!
You hit the orc priest but do no damage.
The orc priest hits you with a +0 short sword.
You hit the orc priest but do no damage.
The orc priest closely misses you. The orc misses you.
You closely miss the orc priest.
The orc priest hits you with a +0 short sword.
The orc hits you but does no damage.
An orc comes into view.
It is wielding a +3 short sword of venom.
You are too injured to fight recklessly!
You barely miss the orc priest.
The orc priest calls down the wrath of Beogh upon you.
Beogh smites you!
* * * LOW HITPOINT WARNING * * *
The orc hits you with a +0 short sword.
* * * LOW HITPOINT WARNING * * *
You feel better.
The orc priest hits you with a +0 short sword.
* * * LOW HITPOINT WARNING * * *
The orc misses you.
As you read the scroll labelled ESOJI ASAITHRO, it crumbles to dust.
It is a scroll of enchant weapon.
Your +1 dagger of venom glows red for a moment.
The orc priest hits you with a +0 short sword.
You die...

#........... ,
##...........,
##........... ,
##..........# * ,,
##).....>....#
##))###.......# ###..##
###.....### . ....##
#.....o.##.... ....#
##†...@oo..... ##..##
#.....oo....# ##..#
#...........#
###..#######..........##
*
##........#.............
*
..............####......
†..............* #.##..
.............. * **.# ##
* ...........,


You could see an orc priest, an orc wizard and 3 orcs.

Vanquished Creatures
  2 scorpions (D:4)
  A hound (D:4)
  An orc priest (D:4)
  2 iguanas (D:4)
  An adder (D:2)
  9 orcs
  4 ball pythons
  2 bats
  An endoplasm (D:2)
  2 giant cockroaches
  A goblin (D:2)
  3 hobgoblins
  11 jackals
  A frilled lizard (D:2)
  5 kobolds
46 creatures vanquished.

Notes
Turn   | Place    | Note
-------+----------+-------------------------------------------
     0 | D:1      | hawla the Meteoran Ice Elementalist began the quest for the
                  | Orb.
     0 | D:1      | Reached XP level 1. HP: 14/14 MP: 5/5
    48 | D:1      | Reached XP level 2. HP: 12/20 MP: 0/6
   105 | D:2      | Reached XP level 3. HP: 7/27 MP: 2/8
   109 | D:2      | Learned a level 3 spell: Frozen Ramparts
   191 | D:2      | Reached skill level 5 in Ice Magic
   209 | D:3      | Found a faded altar of an unknown god.
   223 | D:3      | Reached XP level 4. HP: 34/34 MP: 0/9
   296 | D:4      | Found a white marble altar of Elyvilon.
   368 | D:4      | Reached XP level 5. HP: 34/39 MP: 5/11
   447 | D:4      | Reached skill level 1 in Fighting
   537 | D:4      | Reached skill level 6 in Ice Magic
   537 | D:4      | Reached XP level 6. HP: 25/47 MP: 11/13
   554 | D:4      | Learned a level 4 spell: Hailstorm
   577 | D:4      | Reached skill level 1 in Conjurations
   607 | D:4      | HP: 1/47 [orc/+0 short sword (5)]
   609 | D:4      | Slain by an orc priest

Illustrated notes

Levels and vault maps discovered:
D:1:      dpeg_arrival_ternary, layout_rooms, reono_crystal_passage,
          hex_intersection
D:2:      layout_loops_ring, uniq_terence
D:3:      layout_basic, nicolae_ecumenical_pavilion, serial_bayou_ford_a,
          uniq_natasha
D:4:      layout_layer_cave, lemuel_crystal_altar,
          nicolae_overflow_crystal_walls

Skill      XL: |  1  2  3  4  5  6 |
---------------+-------------------+-----
Spellcasting   | 3 4 |  4.5
Ice Magic      | 5 6 |  6.1
Fighting       | 1 |  1.2
Dodging        | 3 |  3.2
Conjurations   | 3 |  3.1
Stealth        | |  1.4

Action                   |  1- 3 |  4- 6 || total
-------------------------+-------+-------++-------
Melee: Unarmed           |    24 |     1 ||    25
       Dagger            |       |    37 ||    37
 Cast: Freeze            |    28 |    12 ||    40
       Frozen Ramparts   |     3 |     4 ||     7
  Use: Potion            |     1 |     2 ||     3
       Scroll            |     1 |     1 ||     2
Armor: Robe              |     7 |     5 ||    12
Dodge: Dodged            |    18 |    30 ||    48
